 Dungeon Crawl Stone Soup version 0.29-a0-553-g81b289dbe5 (webtiles) character file.

Game seed: 16379968189482717639

53 xian the Slasher (level 3, 0/28 HPs)
             Began as a Demonspawn Gladiator on June 7, 2022.
             Slain by an orc
             ... wielding a +0 flail of holy wrath
              (9 damage)
             ... on level 3 of the Dungeon.
             The game lasted 00:04:45 (2424 turns).

xian the Slasher (Demonspawn Gladiator)             Turns: 2424, Time: 00:04:46

Health: 0/28       AC:  4    Str: 16    XL:     3   Next: 62%
Magic:  3/3        EV: 10    Int:  9    God:
Gold:   101        SH: 12    Dex: 14    Spells: 2/2 levels left

rFire   . . .      SeeInvis .   a - +1 long sword
rCold   . . .      Faith    .   h - +0 kite shield
rNeg    . . .      Spirit   .   b - +0 leather armour
rPois   .          Reflect  +   c - +0 helmet
rElec   .          Harm     .   (no cloak)
rCorr   .          Rampage  .   (no gloves)
Will    .....                   (no boots)
Stlth   +.........              m - amulet of reflection
HPRegen 0.09/turn               (no ring)
MPRegen 0.16/turn               (no ring)

@: no status effects
A: hooves 1, magic regeneration
a: no special abilities


You were on level 3 of the Dungeon.
You visited 1 branch of the dungeon, and saw 3 of its levels.

You collected 101 gold pieces.

Inventory:

Hand Weapons
 a - a +1 long sword (weapon)
Missiles
 d - 3 throwing nets (quivered)
 e - a javelin
Armour
 b - a +0 leather armour (worn)
 c - a +0 helmet (worn)
 h - a +0 kite shield (worn)
Jewellery
 m - an amulet of reflection (around neck)
Potions
 f - a potion of flight
 g - a potion of attraction
 i - 2 potions of curing
 j - a potion of berserk rage {unknown}
 l - a potion of cancellation {unknown}
 n - a potion of resistance {unknown}


   Skills:
 + Level 2.3 Fighting
 + Level 3.6 Long Blades
 + Level 1.7 Throwing
 + Level 0.6 Armour
 + Level 3.0 Dodging
 + Level 0.2 Shields


You had 2 spell levels left.
You didn't know any spells.
Your spell library was empty.

Dungeon Overview and Level Annotations

Branches:
Dungeon (3/15)

Altars:


Innate Abilities, Weirdness & Mutations

You have large cloven feet.
You regenerate magic rapidly.


Message History

You barely miss the bat. You kick the bat, but do no damage.
You block the bat's attack. The bat hits you but does no damage.
The bat closely misses you. You block the bat's attack. x2
You barely miss the bat. You kick the bat.
You kill the bat!
HP restored.
i - 2 potions of curing (gained 1);
p - a scroll labelled NAKOURR LYIKO
Things that are here:
a +0 whip; 3 stones
As you read the scroll labelled VAL EDESONN, it crumbles to dust.
You assume a fearsome visage.
Nothing appears to happen.
It was a scroll of fear.
As you read the scroll labelled MIZAMO KASA, it crumbles to dust.
It is a scroll of enchant weapon.
Your +0 long sword glows red for a moment.
As you read the scroll labelled NAKOURR LYIKO, it crumbles to dust.
You feel strangely unstable.
It was a scroll of teleportation.
Your surroundings suddenly seem different. 4 orcs and an orc wizard come into view.
An orc is wielding a +1 dagger of holy wrath.
An orc is wielding a +0 flail of holy wrath and wearing a +1 leather armour of fire resistance.
Found 20 stones.
The orc shouts! x4
The orc closely misses you. The orc completely misses you.
You block the orc's attack.
You slash the orc wizard!
The orc wizard is severely wounded.
You block the orc wizard's attack. The orc barely misses you.
You block the orc's attack.
The orc hits you with a +1 dagger of holy wrath.
You convulse.
You miss the orc wizard.
You kick the orc wizard, but do no damage.
The orc wizard is severely wounded.
You block the orc wizard's attack. The orc hits you with a +0 hand axe.
The orc hits you with a +0 flail of holy wrath.
You convulse.
The orc hits you with a +0 club. You block the orc's attack.
The orc barely misses you. The orc wizard closely misses you.
The orc hits you with a +0 flail of holy wrath!
You die...

###########
#..........
#..........
#..(.......
#..........
#####..........
.......oo......
#.o@o......
#...o......
#..........
#######.#.. # .


You could see an orc wizard and 4 orcs.

Vanquished Creatures
  A gnoll (D:1)
  A worm (D:2)
  An orc (D:3)
  4 ball pythons
  5 bats
  5 endoplasms
  A giant cockroach (D:1)
  2 goblins (D:1)
  3 hobgoblins
  A jackal (D:1)
  2 quokkas (D:1)
  A frilled lizard (D:1)
  4 kobolds
  4 rats
35 creatures vanquished.

Vanquished Creatures (others)
  6 plants (D:2)
6 creatures vanquished.

Grand Total: 41 creatures vanquished

Notes
Turn   | Place    | Note
-------+----------+-------------------------------------------
     0 | D:1      | xian the Demonspawn Gladiator began the quest for the Orb.
     0 | D:1      | Reached XP level 1. HP: 16/16 MP: 1/1
   242 | D:1      | Gained mutation: You regenerate magic rapidly. [demonic
                  | ancestry]
   242 | D:1      | Reached XP level 2. HP: 22/22 MP: 2/2
   421 | D:1      | Found a faded altar of an unknown god.
   787 | D:1      | Gained mutation: You have large cloven feet. [demonic
                  | ancestry]
   787 | D:1      | Reached XP level 3. HP: 21/27 MP: 3/3
  2424 | D:3      | Slain by an orc

Illustrated notes

Levels and vault maps discovered:
D:1:      nicolae_arrival_memento_mori, layout_loops_corners, serial_aquarium,
          aquarium_bridge_square [aquarium_subvault_wall,
          aquarium_subvault_bridge, aquarium_subvault_window,
          aquarium_subvault_bridge], aquarium_window_1, aquarium_window_2,
          aquarium_window_2, aquarium_window_fake, aquarium_view_2f,
          aquarium_balcony_3b, basic_ecumenical_altar, minmay_small_reverse_x
D:2:      layout_loops_ring, guppyfry_early_lair_pool
D:3:      layout_basic, nzn_overflow_gifts_of_might_and_magic, minivault_19,
          minmay_rat_hole, uniq_natasha

Skill      XL: |  1  2 |
---------------+-------+-----
Dodging        | 3 |  3.0
Long Blades    | 3 |  3.6
Fighting       | |  2.3
Throwing       | |  1.7
Armour         | |  0.6
Shields        | |  0.2

Action                   || total
-------------------------++-------
Melee: Long sword        ||   105
       Punch             ||     1
       Kick              ||    10
  Use: Scroll            ||     7
Armor: Leather armour    ||    29
Dodge: Dodged            ||    83
Block: Kite shield       ||    34

Table legend: (Time is in decaauts)
 A = Elapsed time spent in this place.
 B = Non-inter-level travel time spent in this place.
 C = Inter-level travel time spent in this place.
 D = Time resting spent in this place.
 E = Time spent auto-exploring this place.
 F = Levels seen in this place.
 G = Mean time per level.
                   A        B        C        D        E       F      G
               +--------+--------+--------+--------+--------+-----+--------+
         Total |   2458 |   2399 |     59 |      0 |   1923 |   3 |  819.3 |
       Dungeon |   2458 |   2399 |     59 |      0 |   1923 |   3 |  819.3 |
               +--------+--------+--------+--------+--------+-----+--------+

Top non-repeatable levels by time:
     D:1: 1485 daAuts
     D:2: 903 daAuts
     D:3: 69 daAuts
